 Dungeon Crawl Stone Soup version 0.25.1-2-g60ff931df9 (webtiles) character file.

Game seed: 9397662669428097690

85 DogServant the Firebug (level 4, 0/33 HPs)
             Began as a Draconian Fire Elementalist on Nov 9, 2020.
             Succumbed to a worker ant's poison
             ... on level 2 of the Dungeon.
             The game lasted 00:02:48 (2054 turns).

DogServant the Firebug (DrFE)                       Turns: 2054, Time: 00:02:49

Health: 0/33       AC:  5    Str: 10    XL:     4   Next: 25%
Magic:  6/7        EV: 12    Int: 16    God:
Gold:   95         SH:  0    Dex: 12    Spells: 6/7 levels left

rFire    . . .     SeeInvis .   m - +0 short sword
rCold    . . .     Gourm    .   (no shield)
rNeg     . . .     Faith    .   (armour unavailable)
rPois    .         Spirit   .   (helmet restricted)
rElec    .         Reflect  .   (no cloak)
rCorr    .         Harm     .   (no gloves)
MR       .....                  (no boots)
Stlth    ++........             (no amulet)
HPRegen  0.11/turn              d - ring of flight
MPRegen  0.10/turn              (no ring)

@: lethally poisoned (0 -> -7), stab
A: unfitting armour, cold-blooded, AC +5
a: Evoke Flight


You were on level 2 of the Dungeon.
You were not hungry.

You visited 1 branch of the dungeon, and saw 2 of its levels.

You collected 95 gold pieces.

Inventory:

Hand Weapons
 m - a +0 short sword (weapon)
Jewellery
 d - a ring of flight (left hand)
 i - a cursed -4 ring of intelligence {unknown}
 o - an uncursed ring of protection from fire {unknown}
Scrolls
 a - a scroll of random uselessness {unknown}
 c - 2 scrolls of magic mapping {unknown}
 f - 4 scrolls of identify {unknown}
 g - 2 scrolls of teleportation {unknown}
 h - a scroll of noise {unknown}
 j - a scroll of immolation {unknown}
 n - a scroll of remove curse {unknown}
Potions
 p - a potion of curing {unknown}
Comestibles
 b - 3 rations
 q - a chunk of flesh


   Skills:
 + Level 2.3 Dodging
 - Level 1.7 Stealth
 - Level 2.0 Spellcasting
 + Level 2.7 Conjurations
 + Level 4.0 Fire Magic


You had 6 spell levels left.
You knew the following spells:

 Your Spells              Type           Power        Failure   Level  Hunger
a - Foxfire               Conj/Fire      ##..         5%          1    #......

Your spell library contained the following spells:

 Spells                   Type           Power        Failure   Level  Hunger
 Conjure Flame            Conj/Fire      ##......     16%         3    ###....
 Inner Flame              Hex/Fire       #.......     26%         3    ###....
 Sticky Flame             Conj/Fire      ##......     45%         4    #####..
 Fireball                 Conj/Fire      ##........   82%         5    ######.


Dungeon Overview and Level Annotations

Branches:
Dungeon (2/15)

Altars:


Innate Abilities, Weirdness & Mutations

Your plain brown scales are hard. (AC +5)
You cannot fit into any form of body armour.
You are cold-blooded and may be slowed by cold attacks.


Message History

Confirm with . or Enter, or press ? or * to list all spells.
You conjure some foxfire!
The worker ant bites you.
* * * LOW HITPOINT WARNING * * *
The hobgoblin hits you but does no damage.
The worker ant barely misses you.
The foxfire hits the hobgoblin but does no damage.
The hobgoblin is heavily wounded.
The foxfire hits the hobgoblin.
The hobgoblin is almost dead.
The hobgoblin hits you with a cursed -1 club.
* * * LOW HITPOINT WARNING * * *
The worker ant bites you.
* * * LOW HITPOINT WARNING * * *
You are more poisoned.
The worker ant poisons you!
Unknown command.
Okay, then.
Okay, then.
You feel more ready to backstab.
You die...

##'## #...# #÷# #####
######.# .....#<##
#....## #....(#
#....##
.#######.#.#####.#...
....))g@§...)........
....))a)§############
##########


You could see a worker ant and a hobgoblin (strong).

Vanquished Creatures
  Robin (D:2)
  An adder (D:2)
  A worm (D:2)
  2 dart slugs
  8 bats
  A giant cockroach (D:1)
  13 goblins
  7 hobgoblins
  4 jackals (D:1)
  6 frilled lizards
  2 kobolds
  8 rats
54 creatures vanquished.

Vanquished Creatures (others)
  124 foxfires
124 creatures vanquished.

Grand Total: 178 creatures vanquished

Notes
Turn   | Place    | Note
-------+----------+-------------------------------------------
     0 | D:1      | DogServant the Draconian Fire Elementalist began the quest
                  | for the Orb.
     0 | D:1      | Reached XP level 1. HP: 14/14 MP: 3/3
   338 | D:1      | Reached XP level 2. HP: 20/20 MP: 3/5
   940 | D:1      | Reached XP level 3. HP: 26/26 MP: 3/6
  1956 | D:2      | Reached XP level 4. HP: 33/33 MP: 1/7
  2034 | D:2      | Noticed Robin
  2046 | D:2      | Killed Robin
  2046 | D:2      | Reached skill level 4 in Fire Magic
  2053 | D:2      | HP: 1/33 [worker ant (3)]
  2054 | D:2      | Succumbed to a worker ant's poison

Illustrated notes

Levels and vault maps discovered:
D:1:      lightli_arrival_noodles, layout_loops_cross, nrook_campfire
D:2:      layout_loops_corners, uniq_robin, uniq_crazy_yiuf_cottage

Skill      XL: |  1  2  3  4 |
---------------+-------------+-----
Conjurations   | 2 |  2.7
Dodging        | 2 |  2.3
Fire Magic     | 4 |  4.0
Stealth        | |  1.7
Spellcasting   | |  2.0

Action                   |  1- 3 |  4- 6 || total
-------------------------+-------+-------++-------
Melee: Unarmed           |    44 |       ||    44
       Tailslap          |     1 |     3 ||     4
       Short sword       |       |    15 ||    15
 Cast: Foxfire           |    74 |     9 ||    83
  Use: Potion            |       |     4 ||     4
 Stab: Sleeping          |     1 |       ||     1
  Eat: Chunk             |     4 |     1 ||     5
Armor: Skin              |    33 |     6 ||    39
Dodge: Dodged            |    63 |    25 ||    88
